 Dungeon Crawl Stone Soup version 0.27-a0-538-g15ff5c5295 (webtiles) character file.

Game seed: 1040027638383754372

1938 srzhan31 the Destroyer (level 9, -5/51 HPs)
             Began as a Gargoyle Conjurer on Mar 7, 2021.
             Was a Follower of Vehumet.
             Slain by Duvessa
             ... wielding a +0 rapier
              (10 damage)
             ... on level 5 of the Dungeon.
             The game lasted 00:25:00 (4866 turns).

srzhan31 the Destroyer (Gargoyle Conjurer)          Turns: 4866, Time: 00:25:01

Health: -5/51      AC: 12    Str: 12    XL:     9   Next: 18%
Magic:  0/25       EV: 11    Int: 26    God:    Vehumet [*.....]
Gold:   239        SH:  0    Dex:  8    Spells: 14/18 levels left

rFire    + + +     SeeInvis .   a - +8 spear of Damp Prudence {flame, rF+++ rC- Str+2 Int+3}
rCold    . . .     Faith    .   (no shield)
rNeg     + + .     Spirit   +   s - +1 leather armour {rC+}
rPois    ∞         Reflect  .   (no helmet)
rElec    +         Harm     .   (no cloak)
rCorr    .         Rampage  .   (no gloves)
Will     .....                  q - +0 pair of boots
Stlth    +.........             r - amulet of guardian spirit
HPRegen  0.17/turn              d - ring of magical power
MPRegen  0.19/turn              p - ring of positive energy

@: no status effects
A: negative energy resistance 1, electricity resistance, torment resistance 1,
unbreathing 1, petrification resistance, AC +6
a: Renounce Religion


You were on level 5 of the Dungeon.
You worshipped Vehumet.
Vehumet was aware of your devotion.
You visited 1 branch of the dungeon, and saw 5 of its levels.
You also visited: Sewer.

You collected 239 gold pieces.

Inventory:

Hand Weapons
 a - the +8 spear of Damp Prudence (weapon) {flame, rF+++ rC- Str+2 Int+3}
   (You found it on level 4 of the Dungeon)

   It has been specially enchanted to burn those struck by it, causing extra
   injury to most foes and up to half again as much damage against particularly
   susceptible opponents.
   It affects your strength (+2).
   It affects your intelligence (+3).
   It renders you almost immune to fire.
   It makes you vulnerable to cold.
 o - a +1 halberd of venom
Missiles
 y - 59 stones
Armour
 q - a +0 pair of boots (worn)
 s - a +1 leather armour of cold resistance (worn)
Jewellery
 d - a ring of magical power (left hand)
 p - a ring of positive energy (right hand)
 r - an amulet of guardian spirit (around neck)
Scrolls
 c - a scroll of random uselessness {unknown}
 e - a scroll of amnesia {unknown}
 f - 2 scrolls of enchant weapon {unknown}
 h - 3 scrolls of enchant armour {unknown}
 j - 4 scrolls of teleportation
 m - 2 scrolls of immolation {unknown}
 n - a scroll of magic mapping {unknown}
 t - 2 scrolls of fear {unknown}
 z - a scroll of identify
Potions
 b - 2 potions of lignification
 g - 3 potions of ambrosia {unknown}
 i - 3 potions of curing {unknown}
 k - 2 potions of might {unknown}
 l - 2 potions of attraction
 u - a potion of brilliance {unknown}
 v - a potion of magic {unknown}
 w - 3 potions of heal wounds {unknown}
 x - a potion of berserk rage {unknown}
 A - a potion of flight {unknown}


   Skills:
 * Level 3.6 Fighting
 * Level 2.9 Polearms
 * Level 3.8 Armour
 * Level 3.3 Dodging
 - Level 2.3 Stealth
 * Level 3.6 Shields
 * Level 5.0 Spellcasting
 * Level 8.1 Conjurations
 * Level 2.1 Earth Magic


You had 14 spell levels left.
You knew the following spells:

 Your Spells              Type           Power      Damage    Failure   Level
a - Magic Dart            Conj           100%       1d8       1%          1
b - Searing Ray           Conj           98%        3d7       1%          2
c - Sandblast             Erth           34%        2d9       4%          1

Your spell library contained the following spells:

 Spells                   Type           Power      Damage    Failure   Level
 Dazzling Flash           Conj/Hex       54%        N/A       5%          3
 Fulminant Prism          Conj/Hex       13%        3d9       19%         4
 Iskenderun's Mystic Bla  Conj/Tloc      27%        2d7       19%         4


Dungeon Overview and Level Annotations

Branches:
Dungeon (5/15)             Temple (0/1) D:5           Sewer (visited)

Altars:
Fedhas
Vehumet

Annotations:
D:5 Duvessa


Innate Abilities, Weirdness & Mutations

Your stone body is resilient. (AC +6)
You are immune to poison.
You resist negative energy. (rN+)
You are resistant to electric shocks. (rElec)
You are resistance to unholy torment.
You can survive without breathing.
You are immune to petrification.


Message History

Duvessa hits you but does no damage.
The searing ray hits Duvessa!
Duvessa is severely wounded.
Duvessa hits you with a +0 rapier.
The searing ray hits Duvessa.
Duvessa is severely wounded.
Duvessa hits you with a +0 rapier. Duvessa closely misses you.
The searing ray hits Duvessa but does no damage.
Duvessa is severely wounded.
You finish channeling your searing ray.
Duvessa hits you with a +0 rapier.
Aiming: Searing Ray (safe; 1% risk of failure)
Press: ? - help, Q - select action, (/) - cycle Shift-Dir - straight line, f/p - Duvessa
Aim: Duvessa, wielding a +0 rapier and wearing a +0 chain mail (severely wounded, berserk, 10% to evade)
The searing ray hits Duvessa.
Duvessa is severely wounded. (Press . to maintain the ray.) Duvessa hits you with a +0 rapier!
The searing ray hits Duvessa but does no damage.
Duvessa is severely wounded.
Duvessa hits you with a +0 rapier. x2
The searing ray hits Duvessa.
Duvessa is almost dead.
Duvessa closely misses you.
The searing ray hits Duvessa but does no damage.
Duvessa is almost dead.
You finish channeling your searing ray.
Duvessa hits you with a +0 rapier. Duvessa barely misses you.
Aiming: Searing Ray (safe; 1% risk of failure)
Press: ? - help, Q - select action, (/) - cycle Shift-Dir - straight line, f/p - Duvessa
Aim: Duvessa, wielding a +0 rapier and wearing a +0 chain mail (almost dead, berserk, 10% to evade)
The searing ray hits Duvessa.
Duvessa is almost dead. (Press . to maintain the ray.) Duvessa hits you with a +0 rapier!
* * * LOW HITPOINT WARNING * * *
Without enough magic to sustain it, your searing ray dissipates.
Duvessa hits you with a +0 rapier.
* * * LOW HITPOINT WARNING * * *
Duvessa hits you with a +0 rapier!
You die...

..# ##### #.#
##..... #.#
≈§##..!...
#.########## ###
§§§##.....
#.......>..# #..
###≈≈§##..?.
#.########.# #..
#.##≈≈≈##.....#.#
#.# #..
#..##≈§§##....#)#
#.# ##.
#...##≈§≈##...#@#
##.## #.
#..[.##≈≈§##..#e.#
##...#####.
#.....##≈≈≈##.#...#
#...†......
#......##≈≈§###)...#
##...#####.
#.......##≈§≈##...##
##.## ##
#........##≈ #..##
### #.†.......# ≈.##
## #''######## ≈≈#
#. #..# #.#
########.


You could see Duvessa (berserk).

Vanquished Creatures
  Pikel (D:4)
  Purgy (Sewer)
  2 sky beasts (D:5)
  2 ice beasts (D:5)
  An ogre (D:4)
  2 scorpions
  Dowan (D:5)
  A bullfrog zombie (D:5)
  5 orc priests
  An iguana (D:4)
  5 orc wizards
  5 worker ants
  A hound zombie (D:5)
  A hound skeleton (D:4)
  3 gnolls (D:3)
  10 adders
  A shadow imp (D:5)
  An ufetubus (D:5)
  An ooze (D:1)
  An adder skeleton (D:5)
  5 worms
  A dart slug (D:1)
  10 leopard geckos
  20 orcs
  5 bats
  5 giant cockroaches
  5 goblins
  3 hobgoblins
  5 kobolds
  4 quokkas
  3 ball pythons
  9 frilled lizards
  A jackal zombie (D:5)
  24 rats
146 creatures vanquished.

Vanquished Creatures (others)
  9 fungi (D:4)
  2 plants (D:4)
11 creatures vanquished.

Grand Total: 157 creatures vanquished

Notes
Turn   | Place    | Note
-------+----------+-------------------------------------------
     0 | D:1      | srzhan31 the Gargoyle Conjurer began the quest for the Orb.
     0 | D:1      | Reached XP level 1. HP: 10/10 MP: 3/3
    98 | D:1      | Reached XP level 2. HP: 15/15 MP: 1/5
   101 | D:1      | Learned a level 2 spell: Searing Ray
   400 | D:1      | You fall into a shaft and drop 1 floor!
   562 | D:1      | Reached skill level 5 in Conjurations
   660 | D:1      | Reached XP level 3. HP: 20/20 MP: 6/6
  1650 | D:3      | Reached skill level 1 in Fighting
  1650 | D:3      | Reached XP level 4. HP: 8/25 MP: 7/7
  1739 | D:3      | Reached skill level 1 in Armour
  1739 | D:3      | Reached skill level 1 in Shields
  1780 | D:3      | Reached XP level 5. HP: 22/29 MP: 8/8
  2035 | D:3      | Reached skill level 6 in Conjurations
  2627 | D:4      | Found a radiant altar of Vehumet.
  2655 | D:4      | Found a glowing drain.
  2665 | Sewer    | Entered a sewer
  2767 | Sewer    | Noticed Purgy
  2773 | Sewer    | Killed Purgy
  2774 | Sewer    | Reached XP level 6. HP: 34/35 MP: 4/10
  2923 | D:4      | Became a worshipper of Vehumet
  2975 | D:4      | Identified the +8 spear of Damp Prudence {flame, rF+++ rC-
                  | Str+2 Int+3}
  3002 | D:4      | Reached XP level 7. HP: 33/40 MP: 11/11
  3069 | D:4      | Noticed Pikel
  3117 | D:4      | Killed Pikel
  3118 | D:4      | Reached skill level 1 in Polearms
  3118 | D:4      | Reached skill level 7 in Conjurations
  3118 | D:4      | Reached XP level 8. HP: 42/45 MP: 9/14
  3391 | D:4      | Reached * piety under Vehumet
  3391 | D:4      | Offered knowledge of Sandblast by Vehumet.
  3439 | D:4      | Learned a level 1 spell: Sandblast
  3447 | D:4      | Found a blossoming altar of Fedhas.
  3888 | D:5      | Entered Level 5 of the Dungeon
  3909 | D:5      | Found a staircase to the Ecumenical Temple.
  4057 | D:5      | Reached skill level 1 in Earth Magic
  4215 | D:5      | Reached skill level 8 in Conjurations
  4235 | D:5      | Reached XP level 9. HP: 51/51 MP: 16/16
  4546 | D:5      | Reached skill level 5 in Spellcasting
  4849 | D:5      | Noticed Duvessa
  4849 | D:5      | Noticed Dowan
  4854 | D:5      | Killed Dowan
  4866 | D:5      | Slain by Duvessa

Illustrated notes

Levels and vault maps discovered:
D:1:      zaba_arrival_water, layout_loops_ring
D:2:      layout_loops_cross
D:3:      layout_basic, minmay_rat_hole
D:4:      minmay_door_path, layout_cave_pools, fiery_altar_vehumet,
          gup_sewer_entry_pipe, fedhas_altar_3, uniq_pikel
D:5:      layout_loops_ring, temple_doors_e, minmay_misc_feat_more_columns,
          kennysheep_opposing_triangles, uniq_duvessa

Skill      XL: |  1  2  3  4  5  6  7  8  9 |
---------------+----------------------------+-----
Conjurations   | 5 6 7 8 |  8.1
Fighting       | 1 2 3 |  3.6
Armour         | 1 2 3 |  3.8
Shields        | 1 2 3 |  3.6
Dodging        | 2 3 |  3.3
Spellcasting   | 3 4 5 |  5.0
Polearms       | 1 2 |  2.9
Earth Magic    | 1 2 |  2.1
Stealth        | |  2.3

Action                   |  1- 3 |  4- 6 |  7- 9 || total
-------------------------+-------+-------+-------++-------
Melee: Unarmed           |     3 |       |       ||     3
       Halberd           |       |    17 |       ||    17
       Spear             |       |     3 |    18 ||    21
 Cast: Magic Dart        |     8 |       |       ||     8
       Searing Ray       |    26 |    37 |    44 ||   107
  Use: Scroll            |     1 |     2 |       ||     3
Armor: Robe              |     3 |     3 |       ||     6
       Leather armour    |       |    27 |    34 ||    61
Dodge: Dodged            |     6 |    45 |    36 ||    87

Table legend: (Time is in decaauts)
 A = Elapsed time spent in this place.
 B = Non-inter-level travel time spent in this place.
 C = Inter-level travel time spent in this place.
 D = Time resting spent in this place.
 E = Time spent auto-exploring this place.
 F = Levels seen in this place.
 G = Mean time per level.
                   A        B        C        D        E       F      G
               +--------+--------+--------+--------+--------+-----+--------+
         Total |   4938 |   4124 |    814 |      0 |      0 |   6 |  823.0 |
       Dungeon |   4714 |   3900 |    814 |      0 |      0 |   5 |  942.8 |
         Sewer |    224 |    224 |      0 |      0 |      0 |   1 |  224.0 |
               +--------+--------+--------+--------+--------+-----+--------+

Top non-repeatable levels by time:
     D:3: 1109 daAuts
     D:4: 1095 daAuts
     D:5: 977 daAuts
     D:1: 798 daAuts
     D:2: 734 daAuts
   Sewer: 224 daAuts
